 Dungeon Crawl Stone Soup version 0.23.0-3-gf3c87f2df8 (webtiles) character file.

Game seed: 7820438774901357197

1496 Ivernyr the Changer (level 8, -2/37 HPs)
             Began as a Vine Stalker Transmuter on Feb 21, 2019.
             Was an Initiate of Cheibriados.
             Slain by an orc (4 damage)
             ... on level 6 of the Dungeon.
             The game lasted 00:33:03 (4959 turns).

Ivernyr the Changer (Vine Stalker Transmuter)       Turns: 4959, Time: 00:33:04

Health: -2/37      AC:  2    Str: 14    XL:     8   Next: 81%
Magic:  0/16       EV: 23    Int: 16    God:    Cheibriados [......]
Gold:   176        SH:  0    Dex: 21    Spells: 9/17 levels left

rFire    . . .     SeeInvis .     - Unarmed
rCold    . . .     Gourm    .   (shield currently unavailable)
rNeg     . . .     Faith    .   (armour currently unavailable)
rPois    x         Spirit   +   (helmet currently unavailable)
rElec    .         Reflect  .   (cloak currently unavailable)
rCorr    .         Harm     .   (gloves currently unavailable)
MR       +....                  (boots currently unavailable)
Stlth    ++........             (no amulet)
HPRegen  0.52/turn              o - ring of flight
MPRegen  0.15/turn              (no ring)

@: spider-form (expiring), very slow
A: tiny, regeneration 1, magic shield, no potion heal 3, rot immunity
a: End Transformation, Bend Time, Renounce Religion, Evoke Flight


You were on level 6 of the Dungeon.
You worshipped Cheibriados.
Cheibriados was noncommittal.
You were not hungry.
You were a venomous arachnid creature.
You visited 2 branches of the dungeon, and saw 7 of its levels.

You collected 198 gold pieces.
You spent 22 gold pieces at shops.

Inventory:

Missiles
 a - 107 arrows
Armour
 b - a +0 robe (melded)
 i - a +2 hat of see invisible (melded)
Jewellery
 o - a ring of flight (left front leg)
Wands
 r - a wand of iceblast (4)
Scrolls
 e - 3 scrolls of remove curse {unknown}
 f - 3 scrolls of enchant weapon {unknown}
 g - a scroll of fear {unknown}
 j - a scroll of enchant armour {unknown}
 k - 3 scrolls of identify
 l - 2 scrolls of blinking {unknown}
 m - a scroll of fog {unknown}
 n - a scroll of teleportation {unknown}
 s - 2 scrolls of amnesia {unknown}
 t - a scroll of immolation {unknown}
 u - a scroll of noise {unknown}
Potions
 c - 4 potions of curing {unknown}
 h - a potion of heal wounds {unknown}
 p - a potion of magic {unknown}
 q - a potion of agility {unknown}
 v - a potion of lignification {unknown}
 w - a potion of resistance {unknown}
Comestibles
 d - 13 rations
 x - 6 chunks of flesh


   Skills:
 - Level 1.0 Fighting
 + Level 4.2 Dodging
 + Level 5.5 Unarmed Combat
 + Level 5.1 Spellcasting
 * Level 7.0 Transmutations


You had 9 spell levels left.
You knew the following spells:

 Your Spells              Type           Power        Failure   Level  Hunger
a - Beastly Appendage     Tmut           ####..       4%          1    None
b - Sticks to Snakes      Tmut           ####....     6%          2    #......
c - Spider Form           Tmut/Pois      ###.......   26%         3    ###....
d - Blink                 Tloc           N/A          43%         2    #......

Your spell library contained the following spells:

 Spells                   Type           Power        Failure   Level  Hunger
 Magic Dart               Conj           #...         34%         1    None
 Call Imp                 Summ           #.......     43%         2    #......
 Slow                     Hex            #.......     43%         2    #......
 Blade Hands              Tmut           ####......   43%         5    ######.
 Ice Form                 Ice/Tmut       ###.....     56%         4    ####...
 Conjure Flame            Conj/Fire      #.......     63%         3    ###....
 Mephitic Cloud           Conj/Pois/Air  #.......     63%         3    ###....


Dungeon Overview and Level Annotations

Branches:
Dungeon (6/15)             Temple (1/1) D:4

Altars:
Cheibriados
Hepliaklqana
Kikubaaqudgha
Makhleb
Nemelex Xobeh
Okawaru
Qazlal
Sif Muna
Vehumet
Wu Jian
Xom
Zin
The Shining One

Shops:
D:5 *

Annotations:
D:5 exclusion: statue


Innate Abilities, Weirdness & Mutations

((You have razor-sharp teeth.))
Your natural rate of healing is unusually fast.
When hurt, damage is shared between your health and your magic reserves.
((Your bite disrupts and absorbs the magic of your enemies.))
Potions cannot restore your health.
You are immune to rotting.


Message History

The orc warrior looks as sick as possible!
The orc warrior is moderately wounded.
You hit the orc warrior.
The orc warrior looks as sick as possible!
The orc warrior is moderately wounded.
Casting: Spider Form (safe; 26% risk of failure)
Confirm with . or Enter, or press ? or * to list all spells.
You create a snake!
You now have 107 arrows.
The orc warrior hits you with a +0 trident!!
The orc completely misses you.
The orc warrior hits you from afar with a +0 trident!
* * * LOW HITPOINT WARNING * * *
Your adder barely misses the orc warrior.
The orc wizard barely misses your adder.
The orc warrior completely misses you.
There is a stone staircase leading down here.
Your adder bites the orc warrior.
The orc warrior looks as sick as possible!
Your adder poisons the orc warrior!
The orc hits you.
You die...

.. . . J.. .# #...#####.#
#....ยง....## .# # #J....#
.#.# #. #.##.......
#.###.###.##.####
#..sooS.#.#......
######.#o#......## ###
#...##...[.......#
##.###.................
####.#.##...####.#.......#
#[....#.##.# #.#......##
#.##.......#####.#.#......
####.###.####.......#.#######
#.......## #.#######.#


You could see an orc warrior, an orc wizard, an orc and a friendly adder.

Vanquished Creatures
  Grinder (D:4)
  Eustachio (D:4)
  Edmund (D:4)
  2 phantoms (D:4)
  2 ogres
  A centaur (D:5)
  3 scorpions
  2 hounds (D:6)
  A bullfrog zombie (D:5)
  A centaur skeleton (D:5)
  A bullfrog skeleton (D:5)
  An orc priest (D:6)
  Crazy Yiuf (D:2)
  2 orc wizards
  Ijyb (D:4)
  2 worker ants
  5 adders
  An ooze (D:2)
  2 worms (D:3)
  A leopard gecko (D:1)
  8 orcs
  9 bats
  6 giant cockroaches
  10 goblins
  7 hobgoblins
  13 jackals
  8 kobolds
  5 quokkas
  3 ball pythons
  4 frilled lizards
  7 rats
  A fungus (D:2)
113 creatures vanquished.

Notes
Turn   | Place    | Note
-------+----------+-------------------------------------------
     0 | D:1      | Ivernyr the Vine Stalker Transmuter began the quest for the
                  | Orb.
     0 | D:1      | Reached XP level 1. HP: 9/9 MP: 4/4
    36 | D:1      | Reached skill level 1 in Fighting
   161 | D:1      | Reached XP level 2. HP: 14/14 MP: 4/6
   165 | D:1      | Learned a level 2 spell: Sticks to Snakes
   612 | D:2      | Reached XP level 3. HP: 13/18 MP: 3/7
   685 | D:2      | Learned a level 3 spell: Spider Form
  1025 | D:2      | Reached skill level 3 in Transmutations
  1094 | D:2      | Found a faded altar of an unknown god.
  1124 | D:2      | Gained mutation: Your natural rate of healing is unusually
                  | fast. [Vine Stalker growth]
  1124 | D:2      | Reached XP level 4. HP: 20/22 MP: 6/9
  1260 | D:2      | Found a deep blue altar of Sif Muna.
  1261 | D:2      | Found a stormy altar of Qazlal.
  1404 | D:2      | Found a runed translucent door.
  1405 | D:2      | Noticed Crazy Yiuf
  1413 | D:2      | Killed Crazy Yiuf
  1704 | D:3      | Reached XP level 5. HP: 25/25 MP: 10/10
  1749 | D:3      | Found a shimmering altar of Xom.
  1762 | D:3      | Found a shimmering altar of Xom.
  1762 | D:3      | Found a shimmering altar of Xom.
  1764 | D:3      | Found a shimmering altar of Xom.
  2353 | D:4      | Reached skill level 4 in Transmutations
  2353 | D:4      | Reached XP level 6. HP: 25/30 MP: 11/11
  2493 | D:4      | Noticed a phantom
  2519 | D:4      | Killed a phantom
  2594 | D:4      | Noticed a phantom
  2710 | D:4      | Killed a phantom
  2710 | D:4      | Reached skill level 5 in Transmutations
  2710 | D:4      | Reached XP level 7. HP: 27/33 MP: 13/13
  2791 | D:4      | Found a staircase to the Ecumenical Temple.
  2826 | D:4      | Learned a level 2 spell: Blink
  2859 | Temple   | Entered the Ecumenical Temple
  2893 | Temple   | Became a worshipper of Cheibriados the Contemplative
  2927 | D:4      | Found an iron altar of Okawaru.
  3077 | D:4      | Noticed Eustachio
  3077 | D:4      | Noticed Ijyb
  3100 | D:4      | Killed Eustachio
  3116 | D:4      | Killed Ijyb
  3271 | D:4      | Noticed Grinder
  3299 | D:4      | Killed Grinder
  3299 | D:4      | Gained mutation: You have razor-sharp teeth. [Vine Stalker
                  | growth]
  3299 | D:4      | Reached XP level 8. HP: 33/37 MP: 5/15
  3496 | D:4      | Found a glowing golden altar of the Shining One.
  3558 | D:4      | Noticed Edmund
  3568 | D:4      | Killed Edmund
  3568 | D:4      | Reached skill level 6 in Transmutations
  3875 | D:5      | Entered Level 5 of the Dungeon
  3946 | D:5      | Reached skill level 5 in Unarmed Combat
  3953 | D:5      | Found Medyumuj's General Store.
  3965 | D:5      | Bought a scroll of identify for 22 gold pieces
  4438 | D:5      | Found a radiant altar of Vehumet.
  4614 | D:6      | Reached skill level 5 in Spellcasting
  4824 | D:6      | Reached skill level 7 in Transmutations
  4959 | D:6      | Slain by an orc

Skill      XL: |  1  2  3  4  5  6  7  8 |
---------------+-------------------------+-----
Fighting       | 1 |  1.0
Dodging        | 2 3 4 |  4.2
Transmutations | 3 4 5 7 |  7.0
Spellcasting   | 3 4 5 |  5.1
Unarmed Combat | 4 5 |  5.5

Action                   |  1- 3 |  4- 6 |  7- 9 || total
-------------------------+-------+-------+-------++-------
Melee: Unarmed           |   123 |   205 |   150 ||   478
       Headbutt          |     4 |    13 |     1 ||    18
       Bite              |    17 |    57 |    17 ||    91
       Kick              |     5 |     7 |     6 ||    18
       Punch             |     2 |     3 |     3 ||     8
 Cast: Beastly Appendage |     8 |    14 |     5 ||    27
       Spider Form       |       |     4 |    11 ||    15
       Sticks to Snakes  |       |       |     2 ||     2
 Stab: Sleeping          |     1 |     4 |     3 ||     8
  Eat: Chunk             |     1 |     3 |     9 ||    13
       Ration            |       |     1 |       ||     1
Armor: Robe              |    36 |    28 |    25 ||    89
       Skin              |       |       |     5 ||     5
Dodge: Dodged            |    74 |    90 |   158 ||   322
